 Dungeon Crawl Stone Soup version 0.32-a0-612-g1c984fe9d1 (webtiles) character file.

Game seed: 2981295616175176964

23490 dolemite99 the Severer (level 13, -6/101 HPs)
             Began as a Coglin Fighter on Mar 5, 2024.
             Was a Priest of Ru.
             Shot with an arrow by Nessos (11 damage)
             ... on level 4 of the Lair of Beasts.
             The game lasted 00:14:36 (16841 turns).

dolemite99 the Severer (Coglin Fighter)            Turns: 16841, Time: 00:14:37

Health: -6/101     AC: 18    Str: 21    XL:     13   Next: 7%
Magic:  4/13       EV:  8    Int:  7    God:    Ru [***...]
Gold:   550        SH:  0    Dex: 15    Spells: 12/12 levels left

rFire   + . .        a - +4 war axe (vamp) {Svenja}
rCold   . . .        B - +0 hand axe (venom) {Tamara}
rNeg    . . .        G - +1 chain mail {rF+}
rPois   .            d - +0 hat {Will+}
rElec   +            J - +1 cloak of Experimentation {Fly rElec}
rCorr   .            K - +2 pair of gloves {infuse}
SInv    .            (no boots)
Will    +....        (amulet unavailable) Stlth
                     (ring unavailable)
HPRegen 0.36/turn    (ring unavailable)
MPRegen 0.13/turn    (no gizmo)

%: infuse magic (1 MP)
@: lethally poisoned (-6 -> -25), flying
A: no stealth, hated by all, disrupted magic 2, off-hand wielding, slow
wielding, warmup strikes, no jewellery
a: Invent Gizmo, Renounce Religion, Draw Out Power


You were on level 4 of the Lair of Beasts.
You worshipped Ru.
Ru was most pleased with you.
You visited 2 branches of the dungeon, and saw 13 of its levels.

You collected 967 gold pieces.
You spent 417 gold pieces at shops.

Inventory:

Hand Weapons
 a - a +4 vampiric war axe (weapon) {Svenja}
 g - a +0 morningstar
 B - a +0 hand axe of venom (offhand) {Tamara}
Missiles
 v - 26 poisoned darts
Armour
 d - a +0 hat of willpower (worn)
 k - a +2 helmet
 G - a +1 chain mail of fire resistance (worn)
 J - the +1 cloak of Experimentation (worn) {Fly rElec}
   (You bought it in a shop on level 2 of the Dungeon)

   rElec:     It insulates you from electricity.
   Fly:       It grants you flight.
 K - a +2 pair of gloves of infusion (worn)
Magical Staves
 s - a staff of cold
Wands
 j - a wand of roots (3)
Scrolls
 h - a scroll of fear
 l - 9 scrolls of revelation
 q - a scroll of torment {unknown}
 r - a scroll of enchant weapon
 w - 2 scrolls of amnesia
 F - 3 scrolls of teleportation
 H - 2 scrolls of blinking
Potions
 c - a potion of magic {unknown}
 e - 3 potions of mutation
 f - 7 potions of curing
 i - 3 potions of brilliance
 m - a potion of lignification {unknown}
 n - a potion of heal wounds
 o - a potion of ambrosia {unknown}
 p - 2 potions of enlightenment {unknown}
 z - 5 potions of haste {unknown}
 A - a potion of attraction {unknown}
 D - a potion of invisibility {unknown}


   Skills:
 + Level 9.2 Fighting
 - Level 16.9 Axes
 + Level 9.8 Armour
 - Level 2.1 Shields


You had 12 spell levels left.
You didn't know any spells.
Your spell library contained the following spells:

 Spells                   Type           Power      Damage    Failure   Level
 Apportation              Tloc           0%         N/A       98%         1
 Magic Dart               Conj           0%         1d3       98%         1
 Slow                     Hex            0%         N/A       98%         1
 Blink                    Tloc           0%         N/A       99%         2
 Jinxbite                 Hex            0%         N/A       99%         2
 Confusing Touch          Hex            0%         N/A       100%        3
 Sigil of Binding         Hex            0%         N/A       100%        3
 Vampiric Draining        Necr           0%         2d6       100%        3
 Ignite Poison            Fire/Alch      0%         N/A       100%        4
 Sticky Flame             Fire/Alch      0%         2d4       100%        4
 Alistair's Intoxication  Alch           0%         N/A       100%        5
 Ignition                 Fire           0%         3d3       100%        8
 Call Imp                 Summ           Unusable   N/A       N/A         2

Dungeon Overview and Level Annotations

Branches:
Dungeon (9/15)             Temple (0/1) D:6            Lair (4/5) D:8
 Shoals (0/4) Lair:3       Spider (0/4) Lair:3
  Slime: Lair:4-5       Orc: D:9-12

Altars:
Makhleb
Okawaru
Ru
Uskayaw

Shops:
D:2 [   D:4 *

Annotations:
Lair:4 Nessos


Innate Abilities, Weirdness & Mutations

You cannot be stealthy.
You are hated by all.
Your casting is disrupted.
You can wield a second weapon in your off-hand.
It takes a long time for you to wield or remove held weapons.
Your first few attacks do less damage.
You cannot equip rings or amulets.


Message History

You kill Sonja!
Nessos wields a +3 longbow of flaming.
It bursts into flame!
Nessos shoots an arrow.
The arrow hits you!! The arrow burns you.
Nessos shoots an arrow.
The arrow hits you! The arrow burns you.
You are poisoned.
Nessos shoots an arrow.
The arrow hits you! The arrow burns you.
You are more poisoned.
Things that are here:
a +0 dagger of distortion; 3 curare-tipped darts; a wand of mindburst (3)
You feel better.
Nessos gestures wildly while chanting.
Nessos seems to speed up.
Aiming: Fastroot
Press: ? - help, Shift-Dir - straight line, f - Nessos
Aim: Nessos, wielding a +3 longbow of flaming and wearing a +1 barding of cold resistance (fast)
The roots erupt in riotous growth!
Roots grab Nessos.
The grasping roots constrict Nessos.
You hear an angry hiss.
Nessos begins to cast a spell, but is stunned by your conviction!
Nessos shoots an arrow.
The arrow hits you! The arrow burns you.
You are poisoned.
You focus your inner power and blind Nessos in retribution!
The grasping roots constrict Nessos.
You feel very sick.
Nessos shoots an arrow.
The arrow completely misses you.
Nessos struggles to escape constriction.
Nessos shoots an arrow.
The arrow hits you!!
* * * LOW HITPOINT WARNING * * *
The arrow burns you.
You are lethally poisoned!
* * * LOW HITPOINT WARNING * * *
There is a stone staircase leading up, spattered with blood here.
The roots release their grip on Nessos.
* * * LOW HITPOINT WARNING * * *
You feel very sick.
Nessos begins to cast a spell, but is stunned by your conviction!
Nessos shoots an arrow.
The arrow hits you!
You die...
Ru respects your ultimate sacrifice.

#....#
#.... #
###...#
..##.#...##
..........#
.........#
.........#
.......).#
.......@.#
.........#
.......$.#
......c...
.....(....#
.........##
.........#
.........#


You could see Nessos (fast, blind, unable to see you).

Vanquished Creatures
  Gastronok (Lair:1)
  6 death yaks
  Sonja (Lair:4)
  Nergalle (Lair:1)
  A pharaoh ant (Lair:3)
  Pikel (D:8)
  An elephant (Lair:3)
  A manticore (Lair:3)
  2 black mambas (Lair:3)
  2 torpor snails (Lair:3)
  6 cane toads
  9 komodo dragons
  A rime drake (Lair:2)
  A polar bear (Lair:3)
  4 merfolk (Lair:3)
  5 blink frogs (Lair:1)
  2 wyverns
  2 basilisks
  14 yaks
  A redback (Lair:3)
  3 steam dragons
  Menkaure (D:4)
  11 water moccasins
  3 ice beasts
  2 sky beasts
  2 orc warriors (D:8)
  5 wolves
  7 black bears
  A centaur (D:5)
  2 lemures (D:8)
  2 phantoms
  2 kobold brigands (D:8)
  15 bullfrogs
  6 scorpions
  7 wights
  A howler monkey (D:7)
  An electric eel (Lair:3)
  2 bombardier beetles
  2 gnoll boudas
  4 hounds
  2 jellies
  2 orc priests
  A sleepcap (D:6)
  3 orc wizards
  A hell rat (Lair:3)
  6 adders
  9 gnolls
  A shadow imp (D:6)
  A white imp (D:5)
  3 ufetubi
  4 dart slugs
  2 ribbon worms
  16 orcs
  7 endoplasms
  A giant cockroach (D:4)
  4 goblins
  4 hobgoblins
  7 jackals (D:4)
  15 kobolds
  7 quokkas
  9 ball pythons
  9 bats
  4 frilled lizards
  8 rats
267 creatures vanquished.

Notes
Turn   | Place    | Note
-------+----------+-------------------------------------------
     0 | D:1      | dolemite99 the Coglin Fighter began the quest for the Orb.
     0 | D:1      | Reached XP level 1. HP: 18/18 MP: 1/1
   404 | D:1      | Reached XP level 2. HP: 21/24 MP: 2/2
   611 | D:1      | Reached skill level 3 in Axes
   900 | D:1      | Reached XP level 3. HP: 28/29 MP: 3/3
  1285 | D:2      | Reached skill level 4 in Axes
  1508 | D:2      | Found Tepnykam's Antique Armour Shop.
  1524 | D:2      | Reached XP level 4. HP: 35/35 MP: 4/4
  2035 | D:2      | Found a faded altar of an unknown god.
  2127 | D:2      | Prayed at the altar of an unknown god.
  2127 | D:2      | Became a worshipper of Ru the Awakened
  2172 | D:3      | Gained mutation: Your casting is slightly disrupted. [Ru
                  | sacrifice]
  2218 | D:3      | Found a sacrificial altar of Ru.
  2802 | D:4      | Reached skill level 5 in Axes
  2802 | D:4      | Reached XP level 5. HP: 41/41 MP: 5/5
  2841 | D:4      | Noticed a black bear
  2849 | D:4      | Killed a black bear
  2850 | D:4      | Reached skill level 6 in Axes
  2850 | D:4      | Reached XP level 6. HP: 47/47 MP: 6/6
  2911 | D:4      | Found a burning altar of Makhleb.
  3250 | D:4      | Found Paobuud's Serpentskin Sales.
  3258 | D:4      | Bought a +0 hand axe of venom for 61 gold pieces
  3294 | D:4      | Noticed Menkaure
  3306 | D:4      | Killed Menkaure
  3307 | D:4      | Reached skill level 7 in Axes
  3307 | D:4      | Reached XP level 7. HP: 37/52 MP: 7/7
  3459 | D:5      | Entered Level 5 of the Dungeon
  3523 | D:5      | Reached skill level 8 in Axes
  3900 | D:5      | Reached skill level 9 in Axes
  3900 | D:5      | Reached XP level 8. HP: 58/58 MP: 8/8
  4288 | D:6      | Found a hazy altar of Hepliaklqana.
  4506 | D:6      | Found a hide-covered altar of Uskayaw.
  4557 | D:6      | Gained mutation: You are hated by all. [Ru sacrifice]
  4557 | D:6      | Reached * piety under Ru
  4557 | D:6      | Reached ** piety under Ru
  4580 | D:6      | Reached skill level 10 in Axes
  4649 | D:6      | Found a staircase to the Ecumenical Temple.
  5278 | D:7      | Reached skill level 11 in Axes
  5341 | D:7      | Reached XP level 9. HP: 59/63 MP: 9/9
  5499 | D:7      | Reached skill level 12 in Axes
  6927 | D:8      | Reached skill level 13 in Axes
  7080 | D:8      | Gained mutation: Your casting is disrupted. [Ru sacrifice]
  7306 | D:8      | Noticed Pikel
  7314 | D:8      | Killed Pikel
  7315 | D:8      | Reached XP level 10. HP: 70/70 MP: 10/10
  7401 | D:8      | Reached skill level 14 in Axes
  7431 | D:8      | Found a staircase to the Lair.
  7531 | D:8      | Found an iron altar of Okawaru.
  8273 | D:2      | Bought a warped cloak for 199 gold pieces
  8273 | D:2      | Identified the +1 cloak of Experimentation {Fly rElec} (You
                  | bought it in a shop on level 2 of the Dungeon)
  8284 | D:2      | Bought a pair of glowing gloves for 157 gold pieces
  8448 | Lair:1   | Entered Level 1 of the Lair of Beasts
  8448 | Lair:1   | Noticed Nergalle
  8458 | Lair:1   | Killed Nergalle
  8823 | Lair:1   | Noticed a cane toad
  8839 | Lair:1   | Killed a cane toad
  9140 | Lair:1   | Noticed a cane toad
  9146 | Lair:1   | Killed a cane toad
  9147 | Lair:1   | Reached skill level 15 in Axes
  9811 | Lair:1   | Reached skill level 16 in Axes
  9816 | Lair:1   | Noticed Gastronok
  9826 | Lair:1   | Reached XP level 11. HP: 67/75 MP: 5/11
  9836 | Lair:1   | Killed Gastronok
 11314 | Lair:2   | Reached skill level 5 in Fighting
 12096 | Lair:2   | Gained mutation: You cannot be stealthy. [Ru sacrifice]
 12096 | Lair:2   | Reached *** piety under Ru
 12582 | Lair:3   | Noticed a death yak
 12582 | Lair:3   | Noticed a death yak
 12583 | Lair:3   | Noticed a death yak
 12583 | Lair:3   | Noticed a death yak
 12584 | Lair:3   | Noticed a death yak
 12608 | Lair:2   | Killed a death yak
 12621 | Lair:2   | Killed a death yak
 12622 | Lair:2   | Reached XP level 12. HP: 49/94 MP: 0/12
 13107 | Lair:3   | Killed a death yak
 13238 | Lair:3   | Killed a death yak
 13248 | Lair:3   | Killed a death yak
 13249 | Lair:3   | Reached skill level 5 in Armour
 13985 | Lair:3   | Found a hole to the Spider Nest.
 15463 | Lair:3   | Noticed a death yak
 15492 | Lair:3   | Killed a death yak
 15838 | Lair:3   | Found a staircase to the Shoals.
 16505 | Lair:3   | Reached XP level 13. HP: 81/97 MP: 0/13
 16831 | Lair:4   | Noticed Sonja
 16834 | Lair:4   | Noticed Nessos
 16836 | Lair:4   | Killed Sonja
 16841 | Lair:4   | HP: 5/101 [poisoned by Nessos]
 16841 | Lair:4   | Shot with an arrow by Nessos

Illustrated notes

Levels and vault maps discovered:
D:1:      dpeg_arrival_ternary, layout_basic, minmay_tetromino_o2
D:2:      layout_rooms, hellmonk_ecumenical_altar_leap_of_faith, serial_shops,
          shop, roderic_roman_lattice, kennysheep_generic_room_9
D:3:      layout_loops_ring, hangedman_ru_absence
D:4:      layout_rooms, amcnicky_altar_gilded, guppyfry_shop_venom,
          uniq_menkaure
D:5:      minmay_recursive_quarters, layout_loops_ring
D:6:      layout_basic, old_standard_altar, nicolae_hepliaklqana_hazy_memory,
          lemuel_tele_altar, minmay_temple_entry_glassed_door
D:7:      layout_basic
D:8:      layout_basic, okawaru_metal_pillars_1_2, lair_entry_dummy,
          serial_glass, glass_columns_a, glass_columns_c, glass_columns_b,
          glass_columns_b, glass_columns_a, glass_columns_a,
          kennysheep_cluttered_room, grunt_decor_resistance, minivault_22,
          uniq_pikel
D:9:      layout_loops_corners, lemuel_doored_altar, zombieorc1_lemuel,
          kennysheep_island_fort
Lair:1:   layout_chaotic_city, beast_lair_carwin_2, uniq_gastronok,
          uniq_nergalle
Lair:2:   layout_loops_ring, grunt_megastairs_3, lemuel_fruit_fields
Lair:3:   layout_gridlike, elwin_shoals_entry_stream,
          nicolae_spider_entry_lesser_pyramids, nicolae_lair_lakeside_cave
Lair:4:   gammafunk_worm_tunnel, layout_regular_city, slime_entry_2,
          grunt_megastairs_2, infiniplex_staircase_pool, uniq_sonja, uniq_nessos

Skill      XL: |  1  2  3  4  5  6  7  8  9 10 11 12 13 |
---------------+----------------------------------------+-----
Axes           | 3 4 5 6 7 9 11 13 16 | 16.9
Fighting       | 8 9 |  9.2
Armour         | 9 |  9.8
Shields        | |  2.1

Action                     |  1- 3 |  4- 6 |  7- 9 | 10-12 | 13-15 || total
---------------------------+-------+-------+-------+-------+-------++-------
  Melee: War axe           |    67 |    79 |   160 |   331 |    14 ||   651
         Spear             |    30 |    25 |       |       |       ||    55
         Flail             |       |    52 |       |       |       ||    52
         Hand axe          |       |     3 |   147 |   311 |    13 ||   474
  Throw: Javelin           |       |       |       |    33 |     1 ||    34
 Invoke: Sacrifice Essence |       |     1 |     1 |       |       ||     2
         Sacrifice Love    |       |       |     1 |       |       ||     1
         Draw Out Power    |       |       |       |     3 |       ||     3
         Sacrifice Stealth |       |       |       |     1 |       ||     1
  Evoke: Wand              |       |       |       |     3 |     2 ||     5
    Use: Scroll            |       |     7 |    11 |     4 |       ||    22
         Potion            |       |     2 |       |     3 |     1 ||     6
   Stab: Invisible         |       |       |     1 |       |       ||     1
 Armour: Scale mail        |    65 |    22 |       |       |       ||    87
         Chain mail        |       |    79 |   139 |   309 |    14 ||   541
  Dodge: Dodged            |    37 |    57 |    56 |    89 |     5 ||   244
  Block: Buckler           |    10 |       |       |       |       ||    10

Table legend: (Time is in decaauts)
 A = Elapsed time spent in this place.
 B = Non-inter-level travel time spent in this place.
 C = Inter-level travel time spent in this place.
 D = Time resting spent in this place.
 E = Time spent auto-exploring this place.
 F = Levels seen in this place.
 G = Mean time per level.
                   A        B        C        D        E       F      G
               +--------+--------+--------+--------+--------+-----+--------+
         Total |  16767 |  16099 |    668 |   6982 |   6891 |  13 | 1289.8 |
       Dungeon |   8522 |   8077 |    445 |   2356 |   4311 |   9 |  946.9 |
          Lair |   8245 |   8023 |    222 |   4626 |   2580 |   4 | 2061.2 |
               +--------+--------+--------+--------+--------+-----+--------+

Top non-repeatable levels by time:
  Lair:3: 3253 daAuts
  Lair:1: 2535 daAuts
  Lair:2: 2445 daAuts
     D:8: 1818 daAuts
     D:1: 1298 daAuts
     D:7: 1168 daAuts
     D:6: 1017 daAuts
     D:2: 988 daAuts
     D:5: 867 daAuts
     D:4: 719 daAuts
     D:3: 639 daAuts
  Lair:4: 11 daAuts
     D:9: 4 daAuts
